[Event "fics rated crazyhouse match"]
[Site "fics, Oklahoma City, OK USA"]
[Date "2000.12.24"]
[White "LINDEGREN"]
[WhiteElo "2380"]
[Black "pminear"]
[BlackElo "2551"]
[TimeControl "60+0"]
[Result "0-1"]

1. e4 e5 2. Nc3 Nc6 3. Nf3 Bc5 4. Bc4 Nf6 5. O-O O-O 6. d3 
d6 7. Bg5 Bg4 8. h3 Bxf3 9. Qxf3 Nd4 10. Qd1 N@f4 11. B@h4 Nxg2 
12. Bxf6 gxf6 13. Qg4+ Kh8 14. Bxf6+ Qxf6 15. P@g7+ Qxg7 16. Qxg7+ Kxg7 17. N@h5+ 
Kh6 18. Q@g7+ Kxh5 19. Bxf7+ P@g6 20. P@g4+ Kg5 21. Qxh7 N@f3+ 22. Kxg2 Q@h2# 
{LINDEGREN checkmated} 0-1

[Event "fics rated crazyhouse match"]
[Site "fics, Oklahoma City, OK USA"]
[Date "2000.12.24"]
[White "pminear"]
[WhiteElo "2555"]
[Black "LINDEGREN"]
[BlackElo "2376"]
[TimeControl "60+0"]
[Result "1-0"]

1. e4 Nf6 2. Nc3 Nc6 3. d4 d5 4. exd5 Nxd5 5. Nf3 e6 6. Bd3 
Bb4 7. Bd2 P@a3 8. O-O axb2 9. Nxd5 bxa1=Q 10. Qxa1 exd5 11. Bxb4 Nxb4 
12. Qe1+ B@e7 13. N@h5 Nxd3 14. Nxg7+ Kf8 15. cxd3 R@g6 16. P@g3 P@h3 17. gxh3 
Bxh3 18. Nh5 P@g2 19. B@h6+ B@g7 20. Bxg7+ Rxg7 21. B@h6 gxf1=Q+ 22. Qxf1 Bxf1 
23. Bxg7+ Ke8 24. N@f4 N@e2+ 25. Kxf1 Q@d1+ 26. R@e1 B@h3+ 27. Nxh3 R@h1+ 28. B@g1 
Rxg1+ 29. Nfxg1 Qxe1+ 30. Kxe1 Nxg1 31. B@a4+ B@c6 32. Nxg1 N@c2+ 33. Kd2 Bxa4 
34. N@f6+ Bxf6 35. Nxf6+ Qxf6 36. P@d7+ Kxd7 37. Bxf6 Kc8 38. Ke2 B@g4+ 39. f3 
N@c1+ 40. Kf2 R@d2+ 41. Kf1 
{LINDEGREN forfeits on time} 1-0

[Event "fics rated crazyhouse match"]
[Site "fics, Oklahoma City, OK USA"]
[Date "2000.12.24"]
[White "LINDEGREN"]
[WhiteElo "2372"]
[Black "pminear"]
[BlackElo "2559"]
[TimeControl "60+0"]
[Result "1-0"]

1. e4 e5 2. Nc3 Nc6 3. Nf3 Bc5 4. Bc4 Nf6 5. O-O O-O 6. d3 
d6 7. Bg5 Bg4 8. h3 Bxf3 9. Qxf3 Nd4 10. Qd1 N@g3 11. B@h4 Nxf1 
12. Qxf1 R@g6 13. N@f5 Nxf5 14. exf5 Rxg5 15. Bxg5 B@g3 16. N@e4 Nxe4 17. Nxe4 
Bgxf2+ 18. Kh1 Qxg5 19. R@g4 Qxg4 20. hxg4 R@h6+ 21. N@h5 N@g3+ 22. Nxg3 Bxg3 
23. f6 gxf6 24. Q@g7# 
{pminear checkmated} 1-0

[Event "fics rated crazyhouse match"]
[Site "fics, Oklahoma City, OK USA"]
[Date "2000.12.24"]
[White "pminear"]
[WhiteElo "2547"]
[Black "LINDEGREN"]
[BlackElo "2384"]
[TimeControl "60+0"]
[Result "1-0"]

1. e4 Nf6 2. Nc3 Nc6 3. d4 d5 4. exd5 Nxd5 5. Nf3 e6 6. Bd3 
Bb4 7. Bd2 P@a3 8. O-O axb2 9. Nxd5 bxa1=Q 10. Qxa1 Bxd2 11. Nxc7+ Qxc7 
12. N@b5 Qd7 13. Nxd2 B@d5 14. P@e4 N@f4 15. B@f3 P@h3 16. gxh3 Nxh3+ 17. Kh1 
h5 18. exd5 P@g4 19. dxc6 bxc6 20. N@c7+ Kf8 21. B@b4+ P@e7 22. P@d6 exd6 
23. Bxd6+ P@e7 24. Bxe7+ Qxe7 25. P@d6 Qd7 26. P@e7+ Kg8 27. e8=Q+ R@f8 28. P@h7+ 
Rxh7 29. Bxh7+ Kxh7 30. Qxf8 B@g8 31. d5 gxf3 32. Qaxg7# 
{LINDEGREN checkmated} 1-0

[Event "fics rated crazyhouse match"]
[Site "fics, Oklahoma City, OK USA"]
[Date "2000.12.24"]
[White "LINDEGREN"]
[WhiteElo "2379"]
[Black "pminear"]
[BlackElo "2552"]
[TimeControl "60+0"]
[Result "0-1"]

1. e4 e5 2. Nc3 Nc6 3. Nf3 Bc5 4. Bc4 Nf6 5. O-O O-O 6. d3 
d6 7. Bg5 Bg4 8. h3 Bxf3 9. Qxf3 Nd4 10. Qd1 N@g3 11. B@h4 Nxf1 
12. Qxf1 R@g6 13. N@f5 Nxf5 14. exf5 Rxg5 15. Bxg5 B@g3 16. N@e4 Nxe4 17. Nxe4 
Bgxf2+ 18. Nxf2 Qxg5 19. R@g4 Qxg4 20. hxg4 P@g3 21. N@f3 gxf2+ 22. Kh2 B@g1+ 
23. Kh3 N@f4+ 24. Kg3 N@e2+ 25. Kh4 N@g6+ 26. fxg6 Nxg6+ 27. Kh3 Nef4+ 28. Kg3 
P@e2 29. B@f6 exf1=N+ 30. Rxf1 R@h3+ 31. gxh3 Q@g2# 
{LINDEGREN checkmated} 0-1

[Event "fics rated crazyhouse match"]
[Site "fics, Oklahoma City, OK USA"]
[Date "2000.12.24"]
[White "pminear"]
[WhiteElo "2556"]
[Black "LINDEGREN"]
[BlackElo "2375"]
[TimeControl "60+0"]
[Result "0-1"]

1. e4 Nf6 2. Nc3 Nc6 3. d4 d5 4. exd5 Nxd5 5. Nf3 e6 6. Bd3 
Bb4 7. Bd2 P@a3 8. O-O axb2 9. Nxd5 bxa1=Q 10. Nxb4 Qxd1 11. Rxd1 P@g4 
12. Ng5 Nxb4 13. Bxb4 Qxg5 14. B@b5+ R@c6 15. Bxc6+ bxc6 16. N@e4 N@h3+ 17. Kh1 
B@f3 18. N@e3 Bxe4 
{pminear resigns} 0-1

[Event "fics rated crazyhouse match"]
[Site "fics, Oklahoma City, OK USA"]
[Date "2000.12.24"]
[White "LINDEGREN"]
[WhiteElo "2387"]
[Black "pminear"]
[BlackElo "2544"]
[TimeControl "60+0"]
[Result "0-1"]

1. e4 e5 2. Nc3 Nc6 3. Nf3 Bc5 4. Bc4 Nf6 5. O-O O-O 6. d3 
d6 7. Bg5 Bg4 8. Nd5 Nxd5 9. Bxd8 Bxf3 10. Qxf3 Nf4 11. Bxf7+ Rxf7 
12. Q@e8+ N@f8 13. Qxf7+ Kxf7 14. B@d5+ Ke8 15. Bxc6+ bxc6 16. Bxc7 N@g5 17. P@f7+ 
Kxf7 18. Qg4 B@f3 19. gxf3 P@g2 20. Qxg2 Nxg2 21. R@f5+ B@f6 22. Rxg5 Bxg5 
23. B@h3 Nf4 24. P@e6+ Kg8 25. P@f7+ Kh8 26. Bg2 Nxg2 27. e7 Bxe7 28. N@f5 
B@h3 29. N@h4 Nxh4 30. Nxh4 R@h1+ 31. Kxh1 P@g2+ 32. Nxg2 Bxg2+ 33. Kxg2 N@f4+ 
34. Kg3 Q@h3# 
{LINDEGREN checkmated} 0-1

[Event "fics rated crazyhouse match"]
[Site "fics, Oklahoma City, OK USA"]
[Date "2000.12.24"]
[White "pminear"]
[WhiteElo "2549"]
[Black "LINDEGREN"]
[BlackElo "2382"]
[TimeControl "60+0"]
[Result "1-0"]

1. e4 Nf6 2. Nc3 Nc6 3. Nf3 d5 4. e5 Ne4 5. Bb5 e6 6. d3 
Nxc3 7. bxc3 Bd7 8. N@h5 Rg8 9. Bxc6 Bxc6 10. N@f6+ gxf6 11. Nxf6+ Qxf6 
12. exf6 Bd6 13. P@e5 B@f8 14. exd6 Bxd6 15. B@e7 Bxe7 16. fxe7 B@f6 17. B@g5 
N@d7 18. Bxf6 Nxf6 19. B@g5 B@h8 20. Ne5 Kxe7 21. Nxc6+ bxc6 22. B@e5 P@d6 
23. Bgxf6+ Bxf6 24. Bxf6+ Kxf6 25. B@h4+ P@g5 26. Bcxg5+ Rxg5 27. Bxg5+ Kxg5 28. h4+ 
Kg6 29. Q@g5# 
{LINDEGREN checkmated} 1-0

[Event "fics rated crazyhouse match"]
[Site "fics, Oklahoma City, OK USA"]
[Date "2000.12.24"]
[White "LINDEGREN"]
[WhiteElo "2378"]
[Black "pminear"]
[BlackElo "2553"]
[TimeControl "60+0"]
[Result "1-0"]

1. e4 e5 2. Nc3 Nc6 3. Nf3 Bc5 4. Bc4 Nf6 5. O-O O-O 6. d3 
d6 7. Bg5 Bg4 8. Nd5 Nxd5 9. Bxd8 Bxf3 10. Qxf3 Nf4 11. Bxf7+ Rxf7 
12. Q@e8+ N@f8 13. P@e6 B@g6 14. B@c4 Nxd8 15. exf7+ Nxf7 16. Qxf4 N@e2+ 17. Kh1 
B@f6 18. Qxf6 gxf6 19. B@h6 Rxe8 20. Bxf7+ Bxf7 21. R@g7+ Kh8 22. Rxf7 P@f3 
23. gxf3 B@g2+ 24. Kxg2 Q@g6+ 25. B@g3 Nf4+ 26. Bxf4 Qxf7 27. N@h6 Qg6 28. N@f7+ 
Kg7 29. N@f5+ Qxf5 30. Nxf5+ Kxf7 31. Q@g7+ Ke6 32. B@d5# 
{pminear checkmated} 1-0

[Event "fics rated crazyhouse match"]
[Site "fics, Oklahoma City, OK USA"]
[Date "2000.12.24"]
[White "pminear"]
[WhiteElo "2541"]
[Black "LINDEGREN"]
[BlackElo "2390"]
[TimeControl "60+0"]
[Result "0-1"]

1. e4 Nf6 2. e5 Nc6 3. exf6 gxf6 4. d4 d5 5. Be3 Rg8 6. Ne2 
Bg4 7. f3 Bf5 8. Ng3 e6 9. Bb5 P@d7 10. Bxc6 dxc6 11. Nxf5 exf5 
12. N@g3 B@e6 13. N@f4 N@h4 14. B@h3 Qd7 15. Qe2 Bd6 16. Nxf5 Nxf5 17. Bxf5 
Bxf5 18. Nxd5 cxd5 19. Bf4+ B@e4 20. fxe4 Bxe4 21. Bxd6 cxd6 22. N@h5 P@e7 
23. B@g3 B@g4 24. Nxf6+ exf6 25. P@f3 Bxf3 26. gxf3 N@f5 27. fxe4 Nxd4 28. Qd3 
N@f3+ 29. Kd1 P@c4 30. Qe3 N@g4 31. Qf4 P@e5 32. Qxg4 Rxg4 33. B@f1 Rxe4 
34. P@e2 Nxe2 35. N@g7+ Kd8 36. Bxe2 Rxe2 37. B@h6 P@d3 38. P@e7+ Qxe7 39. cxd3 
Q@c2# 
{pminear checkmated} 0-1

[Event "fics rated crazyhouse match"]
[Site "fics, Oklahoma City, OK USA"]
[Date "2000.12.24"]
[White "LINDEGREN"]
[WhiteElo "2401"]
[Black "pminear"]
[BlackElo "2530"]
[TimeControl "60+0"]
[Result "1-0"]

1. e4 e5 2. Nc3 Nc6 3. Nf3 Bc5 4. Bc4 Nf6 5. O-O O-O 6. d3 
d6 7. Bg5 Bg4 8. Nd5 Nxd5 9. Bxd8 Nf4 10. Bxf7+ Rxf7 11. Q@e8+ N@f8 
12. Qxf7+ Kxf7 13. Ng5+ Ke8 14. Qxg4 Nxd8 15. P@f7+ Nxf7 16. Nxf7 B@d7 17. B@f5 
P@e6 18. Ng5 B@h5 19. Qxh5+ Nxh5 20. B@f7+ Kd8 21. Bxh5 exf5 22. N@f7+ Ke7 
23. N@d5+ Ke8 24. Nxd6+ Kd8 25. P@e7# 
{pminear checkmated} 1-0

[Event "fics rated crazyhouse match"]
[Site "fics, Oklahoma City, OK USA"]
[Date "2000.12.24"]
[White "pminear"]
[WhiteElo "2519"]
[Black "LINDEGREN"]
[BlackElo "2412"]
[TimeControl "60+0"]
[Result "1-0"]

1. e4 Nf6 2. Nc3 Nc6 3. d4 d5 4. e5 Ne4 5. Nxe4 dxe4 6. Be3 
e6 7. f3 Bb4+ 8. Kf2 exf3 9. gxf3 O-O 10. Nh3 N@f5 11. P@d2 Nxe3 
12. dxe3 B@e1+ 13. Kg1 Nxe5 14. dxe5 Qxd1 15. Rxd1 P@f2+ 16. Nxf2 Bxf2+ 17. Kxf2 
Be7 18. Rg1 P@g5 19. P@f6 gxf6 20. N@h6+ Kh8 21. B@g7+ Kxg7 22. N@h5+ Kxh6 
23. Q@g7+ Kxh5 24. N@g3+ Kh4 25. Qh6# 
{LINDEGREN resigns} 1-0

[Event "fics rated crazyhouse match"]
[Site "fics, Oklahoma City, OK USA"]
[Date "2000.12.24"]
[White "LINDEGREN"]
[WhiteElo "2406"]
[Black "pminear"]
[BlackElo "2525"]
[TimeControl "60+0"]
[Result "1-0"]

1. e4 e5 2. Nc3 Nc6 3. Nf3 Bc5 4. Bc4 Nf6 5. O-O O-O 6. d3 
d6 7. Bg5 Bg4 8. Nd5 Nxd5 9. Bxd8 Bxf3 10. Qxf3 Nf4 11. Bxf7+ Rxf7 
12. Q@e8+ N@f8 13. B@e6 Nxd8 14. Bxf7+ Nxf7 15. Qxa8 B@h5 16. Qxf4 N@e2+ 17. Kh1 
B@e7 18. N@f5 B@f6 19. Nxe7+ Bxe7 20. Qd2 Nf4 21. B@b3 Nxg2 22. R@g3 P@g4 
23. Bxf7+ Bxf7 24. N@f5 B@g5 25. Nxe7+ Bxe7 26. P@h6 gxh6 27. Qxh6 N@e6 28. P@f6 
Bxf6 29. Qxf6 P@g7 30. Rxg4 P@g6 31. Qe7 N@d7 32. B@h6 gxh6 33. R@h8+ Kxh8 
34. Qexf8+ Ndxf8 35. B@f6# 
{pminear forfeits on time} 1-0

[Event "fics rated crazyhouse match"]
[Site "fics, Oklahoma City, OK USA"]
[Date "2000.12.24"]
[White "pminear"]
[WhiteElo "2514"]
[Black "LINDEGREN"]
[BlackElo "2417"]
[TimeControl "60+0"]
[Result "1-0"]

1. e4 Nf6 2. e5 Nc6 3. exf6 gxf6 4. d4 d5 5. Be3 Rg8 6. Ne2 
Bg4 7. f3 Bf5 8. Ng3 e6 9. N@f4 Bd6 10. Nxf5 Bxf4 11. Bxf4 exf5 
12. B@g3 Qe7+ 13. Qe2 Qxe2+ 14. Bxe2 Nxd4 15. Bxc7 Nxc2+ 16. Kd1 N@e3+ 17. Kc1 
Nxa1 18. P@d7+ Kf8 19. B@h6+ P@g7 20. Bgd6+ P@e7 21. Bxe7+ Kxe7 22. Q@d6# 
{LINDEGREN checkmated} 1-0

[Event "fics rated crazyhouse match"]
[Site "fics, Oklahoma City, OK USA"]
[Date "2000.12.24"]
[White "LINDEGREN"]
[WhiteElo "2411"]
[Black "pminear"]
[BlackElo "2520"]
[TimeControl "60+0"]
[Result "0-1"]

1. e4 e5 2. Nc3 Nc6 3. Nf3 Bc5 4. Bc4 Nf6 5. O-O d6 6. d3 
Be6 7. Bg5 Bxc4 8. dxc4 B@h5 9. Nd5 Bxf3 10. Qxf3 Nd4 11. Qh3 N@f4 
12. Nxf4 exf4 13. Bxf6 Qxf6 14. N@d5 Qd8 15. B@d7+ Kf8 16. B@e7+ Qxe7 17. Nxe7 
N@g5 18. Qg4 B@f6 19. Nd5 B@e7 20. Nxe7 Bxe7 21. N@f5 Nxf5 22. Bxf5 h5 
23. N@d7+ Kg8 24. Qd1 f3 25. B@g6 fxg6 26. Bxg6 N@h3+ 27. Kh1 fxg2+ 28. Kxg2 
N@f4+ 29. Kg3 P@h4+ 30. Kxh4 Nxe4+ 31. P@f6 B@g5# 
{LINDEGREN checkmated} 0-1

[Event "fics rated crazyhouse match"]
[Site "fics, Oklahoma City, OK USA"]
[Date "2000.12.24"]
[White "pminear"]
[WhiteElo "2526"]
[Black "LINDEGREN"]
[BlackElo "2405"]
[TimeControl "60+0"]
[Result "1-0"]

1. e4 Nf6 2. e5 Nd5 3. d4 e6 4. Nf3 d6 5. Be2 Nc6 6. O-O 
Bd7 7. c4 Nb6 8. exd6 Bxd6 9. c5 P@e4 10. Ng5 f5 11. cxd6 cxd6 
12. B@f7+ Ke7 13. Bxe6 Bxe6 14. Nxe6 Kxe6 15. P@g4 B@g6 16. gxf5+ Bxf5 17. P@g4 
P@g6 18. gxf5+ gxf5 19. P@g4 P@g6 20. gxf5+ gxf5 21. d5+ Nxd5 22. Bc4 N@c7 
23. B@b3 Ne7 24. Bxd5+ Ncxd5 25. N@f4+ Kd7 26. B@e6+ Kc7 27. Bbxd5 P@c6 28. Bxc6 
bxc6 29. N@a6+ Kb7 30. P@c7 Qf8 31. Qxd6 Kxa6 32. P@b5+ Kxb5 33. Nc3+ Kb6 
34. Be3+ Kb7 35. P@a6+ Kxa6 36. c8=Q+ Rxc8 37. Bxc8+ Qxc8 38. R@a4+ P@a5 39. Rxa5+ 
Kxa5 40. b4+ Ka6 41. b5+ Kb7 42. bxc6+ Nxc6 43. P@a6+ Kxa6 44. P@b5+ Ka5 
45. Qa3+ P@a4 46. Qxa4# 
{LINDEGREN checkmated} 1-0

[Event "fics rated crazyhouse match"]
[Site "fics, Oklahoma City, OK USA"]
[Date "2000.12.24"]
[White "LINDEGREN"]
[WhiteElo "2400"]
[Black "pminear"]
[BlackElo "2531"]
[TimeControl "60+0"]
[Result "1-0"]

1. e4 e5 2. Nc3 Nc6 3. Bc4 Bc5 4. Nf3 Nf6 5. O-O O-O 6. d3 
d6 7. Bg5 Be6 8. Nd5 Bxd5 9. exd5 Nd4 10. Nxd4 Bxd4 11. B@h4 N@d7 
12. c3 Bb6 13. N@e4 N@h5 14. Bxf6 Nhxf6 15. Nxf6+ Nxf6 16. N@e4 B@e7 17. Nxf6+ 
Bxf6 18. Bxf6 Qxf6 19. N@e4 Qd8 20. N@f5 B@f6 21. Qg4 N@g6 22. Nxf6+ Qxf6 
23. B@g5 Qxg5 24. Qxg5 N@f3+ 25. Kh1 Nxg5 26. B@f6 B@h8 27. Bxg5 Rae8 28. N@h6+ 
gxh6 29. Nxh6+ Kg7 30. Q@f6# 
{pminear checkmated} 1-0

[Event "fics rated crazyhouse match"]
[Site "fics, Oklahoma City, OK USA"]
[Date "2000.12.24"]
[White "pminear"]
[WhiteElo "2520"]
[Black "LINDEGREN"]
[BlackElo "2411"]
[TimeControl "60+0"]
[Result "1-0"]

1. e4 Nf6 2. Nc3 Nc6 3. Nf3 d5 4. exd5 Nxd5 5. Nxd5 Qxd5 6. N@e3 
e6 7. Nxd5 exd5 8. Bb5 Bb4 9. Qe2+ P@e6 10. Bxc6+ bxc6 11. P@h6 N@f4 
12. hxg7 Nxe2 13. gxh8=Q+ B@f8 14. N@f6+ Ke7 15. Q@d8+ Kxd8 16. R@e8# 
{LINDEGREN checkmated} 1-0

[Event "fics rated crazyhouse match"]
[Site "fics, Oklahoma City, OK USA"]
[Date "2000.12.24"]
[White "LINDEGREN"]
[WhiteElo "2405"]
[Black "pminear"]
[BlackElo "2526"]
[TimeControl "60+0"]
[Result "1-0"]

1. e4 e5 2. Nc3 Nc6 3. Nf3 Bc5 4. Bc4 Nf6 5. O-O d6 6. d3 
Be6 7. Bg5 Bxc4 8. dxc4 B@h5 9. Nd5 Rg8 10. B@h4 Nd4 11. Nxd4 Bxd1 
12. Nf5 Nxd5 13. Bxd8 Rxd8 14. cxd5 B@f8 15. Nxg7+ Kd7 16. P@c6+ bxc6 17. dxc6+ 
Kxc6 18. Q@d5+ Kb6 19. N@c4+ Ka6 20. P@b5+ Kxb5 21. a4+ Ka6 22. N@b4+ Bxb4 
23. Qb5# 
{pminear checkmated} 1-0

[Event "fics rated crazyhouse match"]
[Site "fics, Oklahoma City, OK USA"]
[Date "2000.12.24"]
[White "pminear"]
[WhiteElo "2515"]
[Black "LINDEGREN"]
[BlackElo "2416"]
[TimeControl "60+0"]
[Result "1-0"]

1. e4 Nf6 2. e5 Nc6 3. exf6 gxf6 4. d4 d5 5. Be3 Rg8 6. Nc3 
Bg4 7. f3 Bf5 8. Nge2 e6 9. Ng3 Bb4 10. N@f4 Bxc3+ 11. bxc3 P@e5 
12. Nxf5 exf5 13. Nxd5 Qxd5 14. B@b3 Qd7 15. d5 Nd8 16. P@e6 Qe7 17. exf7+ 
Nxf7 18. B@e6 f4 19. Bxf7+ Qxf7 20. d6 B@e6 21. Bxe6 Qxe6 22. d7+ Kf7 
23. B@c4 B@f5 24. Bxe6+ Bxe6 25. N@h6+ Kg7 26. Nxg8 Rxg8 27. P@h6+ Kxh6 28. h4 
B@g3+ 29. Ke2 fxe3 30. Kxe3 B@f4+ 31. Ke2 Kg7 32. Q@e7+ P@f7 33. d8=Q N@f5 
34. Qxf6# 
{LINDEGREN checkmated} 1-0

[Event "fics rated crazyhouse match"]
[Site "fics, Oklahoma City, OK USA"]
[Date "2000.12.24"]
[White "LINDEGREN"]
[WhiteElo "2410"]
[Black "pminear"]
[BlackElo "2521"]
[TimeControl "60+0"]
[Result "0-1"]

1. e4 e5 2. Nc3 Nc6 3. Nf3 Bc5 4. Bc4 Nf6 5. O-O d6 6. d3 
h6 7. Bg5 hxg5 8. Bxf7+ Kxf7 9. Nxg5+ Kf8 10. P@f5 B@f4 11. Ne6+ Bxe6 
12. fxe6 Bxh2+ 13. Kh1 Bxf2 14. P@g3 Bhxg3+ 15. B@h3 P@g4 16. Rxf2 Bxf2 17. B@f5 
N@g3+ 18. Kh2 B@g1+ 19. Qxg1 Bxg1+ 20. Rxg1 gxh3 21. Kxg3 Q@f4# 
{LINDEGREN checkmated} 0-1

[Event "fics rated crazyhouse match"]
[Site "fics, Oklahoma City, OK USA"]
[Date "2000.12.24"]
[White "JiggaB"]
[WhiteElo "2278"]
[Black "AngelicK"]
[BlackElo "2325"]
[TimeControl "60+0"]
[Result "0-1"]

1. e4 e6 2. d4 Nc6 3. Nc3 Nf6 4. Be3 Bb4 5. Bd3 d5 6. e5 
Ne4 7. Bxe4 dxe4 8. Nh3 B@a5 9. O-O Bxc3 10. bxc3 Bxc3 11. f3 Nxd4 
12. B@g5 P@e7 13. N@h5 Rg8 14. fxe4 P@e2 15. Bxd4 Bxd4+ 16. P@e3 exd1=Q 17. Raxd1 
B@g4 18. Nxg7+ Rxg7 19. P@h6 N@e2+ 20. Kf2 Rxg5 21. Nxg5 B@h4+ 22. P@g3 Bxe3+ 
23. Kxe3 Bxg5+ 24. B@f4 N@c4+ 25. Kf2 Q@e3+ 26. Bxe3 Bxe3+ 27. Ke1 Qxd1+ 28. Kxd1 
Nc3+ 29. Ke1 P@d2# 
{JiggaB checkmated} 0-1

[Event "fics rated crazyhouse match"]
[Site "fics, Oklahoma City, OK USA"]
[Date "2000.12.24"]
[White "pminear"]
[WhiteElo "2527"]
[Black "LINDEGREN"]
[BlackElo "2404"]
[TimeControl "60+0"]
[Result "1-0"]

1. e4 Nf6 2. e5 Nd5 3. Nf3 e6 4. d4 d6 5. Be2 Nc6 6. O-O 
Be7 7. c4 Nb6 8. exd6 Bxd6 9. c5 Bd7 10. cxd6 cxd6 11. P@h6 Rg8 
12. B@g5 P@f6 13. hxg7 Rxg7 14. Bh6 Rg6 15. Nh4 Rg8 16. P@g5 Nd5 17. Nc3 
Nxc3 18. bxc3 N@e4 19. gxf6 Qxf6 20. P@g5 Nxg5 21. Bcxg5 Rxg5 22. Bxg5 Qxg5 
23. R@g8+ Qxg8 24. N@f6+ Ke7 25. Nxg8+ Rxg8 26. Bg4 B@d5 27. N@f4 B@f6 28. Nxd5+ 
exd5 29. Bxd7 Kxd7 30. B@h3+ P@e6 31. B@g3 B@e4 32. f3 N@e3 33. fxe4 Nxd1 
34. Raxd1 N@e2+ 35. Kh1 Nxg3+ 36. hxg3 P@e2 37. exd5 exf1=Q+ 38. Rxf1 P@e2 39. dxe6+ 
fxe6 40. Bxe6+ Kc7 41. N@b5+ Kb8 42. N@a6+ bxa6 43. Q@c7+ Ka8 44. B@b7# 
{LINDEGREN checkmated} 1-0

[Event "fics rated crazyhouse match"]
[Site "fics, Oklahoma City, OK USA"]
[Date "2000.12.24"]
[White "LINDEGREN"]
[WhiteElo "2399"]
[Black "pminear"]
[BlackElo "2532"]
[TimeControl "60+0"]
[Result "0-1"]

1. e4 e5 2. Nc3 Nc6 3. Nf3 Bc5 4. Bc4 Nf6 5. O-O O-O 6. d3 
h6 7. Bg5 hxg5 8. Nxg5 B@h5 9. Qxh5 Nxh5 10. B@g6 Qxg5 11. Bcxf7+ Kh8 
12. P@g3 Nxg3 13. hxg3 Qxg3 14. P@h2 N@f3# 
{LINDEGREN resigns} 0-1

[Event "fics rated crazyhouse match"]
[Site "fics, Oklahoma City, OK USA"]
[Date "2000.12.24"]
[White "pminear"]
[WhiteElo "2537"]
[Black "LINDEGREN"]
[BlackElo "2394"]
[TimeControl "60+0"]
[Result "1-0"]

1. e4 Nf6 2. e5 Nd5 3. d4 e6 4. Nf3 Bb4+ 5. c3 Be7 6. Bd3 
d6 7. O-O Nc6 8. Na3 Bd7 9. Nc4 O-O 10. exd6 cxd6 11. P@h6 gxh6 
12. Bxh6 f5 13. Bxf8 Qxf8 14. P@e5 P@c7 15. exd6 cxd6 16. P@e5 P@c7 17. Ne3 
Nf4 18. exd6 cxd6 19. R@g3+ P@g7 20. P@h6 P@g6 21. hxg7 Qxg7 22. d5 exd5 
23. Bxf5 P@e2 24. Bxd7 exd1=Q 25. Raxd1 P@e2 26. B@e6+ Kh8 27. P@g5 exf1=Q+ 28. Rxf1 
Ne2+ 29. Kh1 B@e4 30. P@h6 Nxg3+ 31. hxg3 R@h5+ 32. P@h2 Rxh6 33. gxh6 Qxh6 
34. N@f7+ Kg7 35. Nxh6 R@f6 36. R@f7+ Rxf7 37. Nxf7 R@h5 38. P@h6+ Rxh6 39. Nxh6 
{LINDEGREN forfeits on time} 1-0

[Event "fics rated crazyhouse match"]
[Site "fics, Oklahoma City, OK USA"]
[Date "2000.12.24"]
[White "LINDEGREN"]
[WhiteElo "2389"]
[Black "pminear"]
[BlackElo "2542"]
[TimeControl "60+0"]
[Result "0-1"]

1. e4 e5 2. Nc3 Nc6 3. Nf3 Bc5 4. Bc4 Nf6 5. O-O d6 6. d3 
h6 7. Bg5 hxg5 8. Bxf7+ Kxf7 9. Nxg5+ Kf8 10. P@e3 B@h5 11. P@f3 B@h6 
12. Nh3 Bxh3 13. gxh3 N@h4 14. B@e2 Qe8 15. Kh1 Rd8 16. Rg1 Bhxe3 17. fxe3 
P@g2+ 18. Rxg2 Nxg2 19. Kxg2 Bxe3 20. B@g3 P@f4 21. N@f5 fxg3 22. Nxe3 gxh2 
23. B@g3 B@f4 24. P@f2 Bxg3 25. fxg3 R@g1+ 26. Qxg1 hxg1=Q+ 27. Rxg1 P@f4 28. Nf5 
fxg3 29. Nxg3 B@f4 30. P@f2 P@e3 31. Nd5 Nxd5 32. exd5 exf2 33. N@e6+ Qxe6 
34. dxe6 fxg1=Q+ 35. Kxg1 P@f2+ 36. Kxf2 Bxg3+ 37. Kxg3 N@f5+ 38. Kf2 Q@g3# 
{LINDEGREN resigns} 0-1

[Event "fics rated crazyhouse match"]
[Site "fics, Oklahoma City, OK USA"]
[Date "2000.12.24"]
[White "pminear"]
[WhiteElo "2547"]
[Black "LINDEGREN"]
[BlackElo "2384"]
[TimeControl "60+0"]
[Result "0-1"]

1. e4 Nf6 2. e5 Nc6 3. exf6 gxf6 4. d4 d5 5. Be3 P@e4 6. Ne2 
Rg8 7. Ng3 Bg4 8. Be2 Bxe2 9. Qxe2 B@g4 10. Qb5 Rb8 11. N@a5 Bd7 
12. Qxd5 e6 13. Qb5 Nxa5 14. Qxa5 N@h4 15. B@f1 Bc6 16. Qd2 Bd6 17. Nh5 
Qe7 18. P@g5 fxg5 19. N@f6+ Kd8 20. Nxg8 Qe8 21. Nhf6 Qf8 22. Bxg5 Nxg2+ 
23. Bxg2 P@e7 24. R@h8 P@f3 25. Bh3 exf6 26. Bxf6+ N@e7 27. Nxe7 Qxh8 28. Nxc6+ 
Kc8 29. Nxa7+ Kd7 30. B@b5+ c6 31. Bxh8 Rxh8 32. N@f6+ Kc7 33. Q@d7+ Kb8 
34. Qxd6+ B@c7 35. Nxc6+ bxc6 36. P@a7+ Ka8 37. P@b7+ Kxa7 38. B@a6 Bxd6 39. Kd1 
P@e2+ 40. Kc1 R@f1# 
{pminear forfeits on time} 0-1

[Event "fics rated crazyhouse match"]
[Site "fics, Oklahoma City, OK USA"]
[Date "2000.12.24"]
[White "LINDEGREN"]
[WhiteElo "2395"]
[Black "pminear"]
[BlackElo "2536"]
[TimeControl "60+0"]
[Result "1-0"]

1. e4 e5 2. Nc3 Nc6 3. Nf3 Bc5 4. Bc4 Nf6 5. O-O d6 6. d3 
h6 7. Be3 Bxe3 8. fxe3 B@h5 9. Qe2 Bcg4 10. B@b3 Qd7 11. Nd5 Rg8 
12. Rae1 Bxf3 13. Rxf3 Bxf3 14. Qxf3 N@g5 15. Qf2 Nxd5 16. B@f5 Ne6 17. Bxd5 
R@f6 18. N@g4 N@g5 19. Nxf6+ gxf6 20. Bdxe6 fxe6 21. Bbxe6 N@h3+ 22. Kf1 Nxf2 
23. Bxd7+ Kd8 24. P@e7+ Nxe7 25. N@e6+ Nxe6 26. Bdxe6 B@c6 27. N@f7+ Ke8 28. Nxd6+ 
cxd6 29. P@f7+ Kd8 30. fxg8=Q+ Nxg8 31. R@f8+ N@e8 32. Rxg8 P@d2 33. N@f7+ Kc7 
34. Q@e7+ P@d7 35. Qxd6+ Nxd6 36. B@a5+ b6 37. Bxd2 Nxd3 38. cxd3 Rxg8 39. N@b5+ 
Kb8 40. Nfxd6 Ka8 41. P@c7 
{pminear forfeits on time} 1-0

[Event "fics rated crazyhouse match"]
[Site "fics, Oklahoma City, OK USA"]
[Date "2000.12.24"]
[White "pminear"]
[WhiteElo "2525"]
[Black "LINDEGREN"]
[BlackElo "2406"]
[TimeControl "60+0"]
[Result "1-0"]

1. e4 Nf6 2. e5 Nc6 3. exf6 gxf6 4. d4 d5 5. Be3 P@e4 6. Nc3 
Rg8 7. Nge2 Bg4 8. h3 Bxe2 9. Qxe2 e6 10. B@a4 Rb8 11. N@a5 Qd7 
12. Qb5 Bb4 13. Nxc6 Bxc3+ 14. bxc3 bxc6 15. Qxb8+ N@d8 16. Bxc6 Qxc6 17. B@b5 
B@d7 18. Bxc6 Bxc6 19. Q@c5 B@d7 20. R@e7+ Kf8 21. Qxd8+ Kg7 22. P@h6+ Kg6 
23. Qxg8# 
{LINDEGREN resigns} 1-0

[Event "fics rated crazyhouse match"]
[Site "fics, Oklahoma City, OK USA"]
[Date "2000.12.24"]
[White "LINDEGREN"]
[WhiteElo "2401"]
[Black "pminear"]
[BlackElo "2530"]
[TimeControl "60+0"]
[Result "0-1"]

1. e4 e5 2. Nc3 Nc6 3. Nf3 Bc5 4. Bc4 d6 5. O-O Be6 6. d3 
Bxc4 7. dxc4 B@h5 8. B@e2 Bxf3 9. Bxf3 Nd4 10. Nd5 Nxf3+ 11. Qxf3 N@d4 
12. Qg4 B@e2 13. Qxg7 Bxf1 14. Qxh8 R@e1 15. N@f6+ Qxf6 16. Nxf6+ Ke7 17. Nxg8+ 
Rxg8 18. B@f6+ Kd7 19. R@e7+ Kc6 20. P@b5+ Kb6 21. N@a8+ Ka5 22. Bd2+ N@b4 
23. Q@a3+ N@a4 24. Bxb4+ Bxb4 25. Qxb4+ Kxb4 26. a3+ Kxc4 27. B@d3+ Bxd3+ 28. Rxe1 
Ne2+ 29. Kh1 Ng3+ 30. hxg3 Q@d2 31. N@e3+ Kxb5 
{LINDEGREN forfeits on time} 0-1

[Event "fics rated crazyhouse match"]
[Site "fics, Oklahoma City, OK USA"]
[Date "2000.12.24"]
[White "pminear"]
[WhiteElo "2535"]
[Black "LINDEGREN"]
[BlackElo "2396"]
[TimeControl "60+0"]
[Result "1-0"]

1. e4 Nf6 2. e5 Nd5 3. d4 e6 4. Nf3 Bb4+ 5. c3 Be7 6. Bd3 
Nc6 7. O-O d6 8. exd6 cxd6 9. P@e5 P@f5 10. exd6 Bxd6 11. P@e5 Be7 
12. c4 Ndb4 13. Be2 P@g4 14. Be3 gxf3 15. Bxf3 N@c2 16. P@d6 Bf8 17. Nc3 
Nxa1 18. Qxa1 Bxd6 19. exd6 Qxd6 20. B@f4 Qd7 21. N@c7+ Kf8 22. Nxa8 P@e4 
23. Nxe4 fxe4 24. Bxe4 N@e2+ 25. Kh1 Nxf4 26. Bxf4 B@d5 27. cxd5 exd5 28. B@d6+ 
P@e7 29. P@h6 Rg8 30. Bxh7 exd6 31. Bxg8 B@e4 32. hxg7+ Kxg8 33. N@f6+ Kxg7 
34. Nxd7 Bxg2+ 35. Kxg2 P@f3+ 36. Kg1 R@g4+ 37. B@g3 Bxd7 38. P@f6+ Kg8 39. R@h8+ 
Kxh8 40. P@g7+ Rxg7 41. fxg7+ Kxg7 42. Q@h6+ Kg8 43. R@f8# 
{LINDEGREN checkmated} 1-0